Map: Oxide LE

Players

A.I. 1 (Very Easy) - Winner!

  • Race: Protoss Protoss
  • Spawn Location: 7:00

Drift

  • Race: Terran Terran
  • League: Master
  • Spawn Location: 1:00

VOD

Have the link to the VOD?

Description

Time

  • Played on: March 20, 2021, 4:16 p.m.
  • Length: 8:03
Show
View Real Time Build Order
Export as new Build Order

A.I. 1 (Very Easy) Protoss - Winner!

Build Orders:  

Get SALT Encoding   

  6  0:00  Probe  
  13  0:13  Probe  
  14  0:19  Pylon  
  14  0:36  Assimilator  
  14  0:43  Gateway  
  14  0:46  Pylon  
  14  1:13  Assimilator  
  14  1:21  Probe  
  14  1:23  Zealot  
  15  1:29  Probe  
  17  1:34  Cybernetics Core  
  17  1:39  Probe  
  19  1:51  Probe  
  20  2:00  Warp Gate  
  20  2:01  Probe  
  21  2:09  Probe  
  22  2:45  Stalker  
  24  6:48  Probe  
  24  7:17  Probe  
  24  7:22  Adept  
  27  7:25  Pylon, Probe  
  27  7:27  Robotics Facility, Nexus  
  28  7:35  Probe  
  25  7:47  Probe  
  26  7:51  Pylon  
Show
View Real Time Build Order
Export as new Build Order

Drift Terran 

Build Orders: Reaper Expand 

Get SALT Encoding   

  6  0:00  SCV  
  13  0:12  SCV  
  14  0:17  Supply Depot  
  14  0:24  SCV  
  15  0:38  SCV  
  15  0:39  Barracks  
  16  0:43  Refinery  
  16  0:50  SCV  
  17  1:02  SCV  
  18  1:14  SCV  
  19  1:26  Reaper  
  19  1:27  Orbital Command  
  20  1:41  Command Center  
  20  1:52  Supply Depot  
  21  1:54  SCV  
  21  1:59  Marine  
  22  2:06  SCV  
  23  2:10  Factory  
  23  2:19  SCV  
  23  2:22  Bunker  
  24  2:23  Barracks Reactor  
  24  2:31  SCV, Refinery  
  25  2:43  SCV  
  26  2:53  Orbital Command  
  26  2:55  Hellion  
  26  2:57  SCV, Starport  
  29  3:01  Marine  
  29  3:04  Marine  
  31  3:11  SCV  
  32  3:17  Widow Mine  
  32  3:19  SCV, Marine  
  36  3:22  Marine  
  36  3:24  SCV  
  38  3:31  Supply Depot, SCV  
  39  3:35  Medivac  
  39  3:37  SCV  
  39  3:39  Factory Tech Lab, Marine  
  39  3:40  Marine  
  44  3:43  SCV  
  45  3:49  SCV  
  45  3:53  Supply Depot  
  45  3:55  SCV  
  47  3:59  Siege Tank, Marine  
  47  4:00  Marine  
  47  4:01  SCV  
  53  4:07  Starport Tech Lab  
  53  4:10  SCV  
  53  4:15  SCV  
  53  4:16  Supply Depot  
  55  4:19  Command Center  
  55  4:23  SCV  
  56  4:28  Raven  
  56  4:29  SCV  
  59  4:34  Barracks  
  59  4:35  Barracks  
  59  4:38  Marine  
  59  4:39  Marine  
  59  4:44  SCV x2  
  63  4:49  Supply Depot  
  63  4:52  Siege Tank  
  66  4:56  SCV x2  
  66  4:57  Engineering Bay  
  66  4:58  Marine  
  69  5:00  Marine  
  69  5:03  Refinery  
  69  5:05  Refinery  
  70  5:11  SCV x2  
  72  5:16  Supply Depot  
  72  5:17  Supply Depot  
  72  5:21  Marine  
  72  5:24  Siege Tank  
  72  5:26  SCV x2  
  78  5:31  Barracks Tech Lab  
  78  5:33  Barracks  
  78  5:35  Barracks, Orbital Command  
  78  5:38  SCV x2  
  78  5:41  Stimpack  
  80  5:46  Supply Depot  
  80  5:50  SCV  
  80  5:51  Combat Shield  
  80  5:53  Supply Depot, SCV  
  80  5:54  Marine  
  80  5:56  Marine  
  80  5:57  Marine  
  84  5:58  Marine  
  84  5:59  Orbital Command  
  86  6:05  Siege Tank  
  86  6:06  Starport Reactor  
  89  6:11  Marine  
  89  6:13  SCV x2  
  89  6:16  Supply Depot, Marine  
  89  6:18  Supply Depot  
  94  6:19  Marauder  
  94  6:20  Marauder  
  94  6:23  Barracks Tech Lab, Barracks Reactor  
  94  6:25  SCV x2  
  99  6:26  SCV  
  99  6:29  Marine  
  101  6:37  SCV, Siege Tank  
  105  6:40  Marine  
  105  6:41  Marauder  
  105  6:43  SCV x2  
  105  6:44  Supply Depot  
  105  6:45  Marine  
  105  6:46  Supply Depot, Marauder  
  105  6:47  Medivac  
  115  6:49  Medivac  
  115  6:50  Marine  
  115  6:51  SCV  
  119  6:57  Refinery  
  119  6:58  Marine, Refinery  
  120  7:02  Marine, Marauder  
  120  7:06  Marauder  
  120  7:07  SCV x2  
  120  7:08  SCV  
  128  7:10  Supply Depot  
  128  7:14  Supply Depot  
  128  7:15  Marauder  
  133  7:20  Marine  
  134  7:25  Marine, Marauder  
  134  7:29  Marine, Marauder  
  140  7:35  Marine  
  140  7:36  Marauder  
  139  7:37  Starport  
  139  7:38  Marine  
  139  7:39  SCV  
  139  7:40  Command Center  
  139  7:43  SCV, Marine  
  139  7:44  Factory Reactor, SCV  
Tags
 
League
Master
Matchup
PvT
Spawn Locations
Cross Positions
Add a new tag
Caveats
  • Supply blocks, unpowered buildings, or Contaminate may cause inaccurate times.
  • Supply counts are checked every 10 seconds.